| TOP OF THE 1ST |
|
Winston-Salem Spirits batting - Pitching for Kinston Eagles : RHP Roger Doubleday
|
|
Pitching: RHP Roger Doubleday
|
|
|
Batting: SHB Mark Wiesler
|
0-0: Ball 1-0: Foul Ball, location: 2F 1-1: Ball 2-1: Swinging Strike 2-2: Strikes out swinging
|
|
Batting: RHB Angelo Ross
|
0-0: Ball 1-0: Called Strike 1-1: Ball 2-1: Foul Ball, location: 2F 2-2: Foul Ball, location: 2F 2-2: Ball 3-2: Base on Balls
|
|
Batting: RHB Craig Robinson
|
0-0: Swinging Strike 0-1: Ball 1-1: Ball 2-1: Grounds into double play, 5-4-3 (Groundball, 56, EV 110.0 MPH)
|
| Top of the 1st over - 0 runs, 0 hits, 0 errors, 0 left on base; Winston-Salem 0 - Kinston 0 |
| BOTTOM OF THE 1ST |
|
Kinston Eagles batting - Pitching for Winston-Salem Spirits : LHP Chuck Hensley
|
|
Pitching: LHP Chuck Hensley
|
|
|
Batting: RHB Francisco Guerra
|
0-0: Ball 1-0: Called Strike 1-1: Ball 2-1: SINGLE (Line Drive, 7S, EV 97.5 MPH)
|
|
Batting: RHB Juan Perez
|
0-0: Fielders Choice at 2nd, 4-6 (Groundball, 34, EV 76.9 MPH)
|
|
Batting: LHB Eric Peyton
|
0-0: Ball 1-0: Ball 2-0: Ball 3-0: Called Strike 3-1: SINGLE (Flyball, 9LS, EV 85.6 MPH) Juan Perez to second Runner from 2nd tries for 3rd, SAFE, no throw by RF
|
|
Batting: RHB Carlos Ponce
|
0-0: 3-RUN HOME RUN (Line Drive, 7D, EV 101.9 MPH), Distance : 366 ft
|
|
Batting: RHB Tony Incaviglia
|
0-0: Called Strike 0-1: Called Strike 0-2: Ball 1-2: Ball 2-2: Strikes out swinging
|
|
Batting: RHB Elias Corona
|
0-0: Ball 1-0: Foul Ball, location: 2F 1-1: Called Strike 1-2: Foul Ball, location: 2F 1-2: Fly out, F5 (Line Drive, 5, EV 70.6 MPH)
|
| Bottom of the 1st over - 3 runs, 3 hits, 0 errors, 0 left on base; Winston-Salem 0 - Kinston 3 |
| TOP OF THE 2ND |
|
Winston-Salem Spirits batting - Pitching for Kinston Eagles : RHP Roger Doubleday
|
|
Batting: RHB Elijah Ben
|
0-0: Foul Ball, location: 2F 0-1: Ball 1-1: Fly out, F9 (Flyball, 89D, EV 103.8 MPH)
|
|
Batting: LHB Jerome Coleman
|
0-0: Ball 1-0: Ball 2-0: Foul Ball, location: 2F 2-1: Foul Ball, location: 2F 2-2: Foul Ball, location: 2F 2-2: Ball 3-2: Ground out 5-3 (Groundball, 56, EV 83.1 MPH)
|
|
Batting: RHB Larry Reasonover
|
0-0: Foul Ball, location: 2F 0-1: Ground out 6-3 (Groundball, 6, EV 87.5 MPH)
|
| Top of the 2nd over - 0 runs, 0 hits, 0 errors, 0 left on base; Winston-Salem 0 - Kinston 3 |
| BOTTOM OF THE 2ND |
|
Kinston Eagles batting - Pitching for Winston-Salem Spirits : LHP Chuck Hensley
|
|
Batting: RHB Rodney Hudson
|
0-0: Ball 1-0: Ball 2-0: Ball 3-0: Base on Balls
|
|
Batting: RHB Jose Valdez
|
0-0: Foul Ball, location: 2F 0-1: Ball 1-1: Fly out, F8 (Flyball, 8LD, EV 90.6 MPH)
|
|
Batting: LHB Randall Curtis
|
0-0: Ball 1-0: Ball 2-0: Fielders Choice at 2nd, 3-6 (Groundball, 3, EV 105.0 MPH)
|
|
Batting: RHB Francisco Guerra
|
0-0: Called Strike 0-1: Foul Ball, location: 2F 0-2: Strikes out swinging
|
| Bottom of the 2nd over - 0 runs, 0 hits, 0 errors, 1 left on base; Winston-Salem 0 - Kinston 3 |
| TOP OF THE 3RD |
|
Winston-Salem Spirits batting - Pitching for Kinston Eagles : RHP Roger Doubleday
|
|
Batting: RHB Bruce Benedict
|
0-0: Called Strike 0-1: Foul Ball, location: 2F 0-2: Fly out, F8 (Flyball, 89M, EV 80.0 MPH)
|
|
Batting: RHB Ell Roberson
|
0-0: Foul Ball, location: 2F 0-1: Called Strike 0-2: Strikes out swinging
|
|
Batting: RHB Kelly Miller
|
0-0: Ball 1-0: Ball 2-0: Ball 3-0: Called Strike 3-1: Base on Balls
|
|
Batting: SHB Mark Wiesler
|
0-0: Fielders Choice at 2nd, 6-4 (Groundball, 6, EV 103.8 MPH)
|
| Top of the 3rd over - 0 runs, 0 hits, 0 errors, 1 left on base; Winston-Salem 0 - Kinston 3 |
| BOTTOM OF THE 3RD |
|
Kinston Eagles batting - Pitching for Winston-Salem Spirits : LHP Chuck Hensley
|
|
Batting: RHB Juan Perez
|
0-0: Ball 1-0: Ball 2-0: Ball 3-0: Called Strike 3-1: Base on Balls
|
|
Batting: LHB Eric Peyton
|
0-0: Ball 1-0: Fielders Choice at 2nd, 5-4 (Groundball, 5L, EV 101.9 MPH)
|
|
Batting: RHB Carlos Ponce
|
0-0: Swinging Strike 0-1: Ball 1-1: Fly out, F9 (Flyball, 9LM, EV 92.5 MPH)
|
|
Batting: RHB Tony Incaviglia
|
0-0: Called Strike 0-1: Ball 1-1: Ball 2-1: Swinging Strike 2-2: Foul Ball, location: 2F 2-2: SINGLE (Groundball, 6, EV 97.5 MPH) Eric Peyton to second Runner from 2nd tries for 3rd, SAFE, throw by LF made to third
|
|
Batting: RHB Elias Corona
|
0-0: Ball 1-0: Called Strike 1-1: Ball 2-1: Ball 3-1: Called Strike 3-2: Fly out, F8 (Flyball, 89XD, EV 75.6 MPH)
|
| Bottom of the 3rd over - 0 runs, 1 hit, 0 errors, 2 left on base; Winston-Salem 0 - Kinston 3 |
| TOP OF THE 4TH |
|
Winston-Salem Spirits batting - Pitching for Kinston Eagles : RHP Roger Doubleday
|
|
Batting: RHB Angelo Ross
|
0-0: Ball 1-0: Swinging Strike 1-1: Ball 2-1: Reached on error, E6 (Flyball, 6D, EV 83.1 MPH)
|
|
Batting: RHB Craig Robinson
|
0-0: Ball 1-0: Ball Angelo Ross steals 2nd base 2-0: Fly out, F4 (Line Drive, 4, EV 70.0 MPH)
|
|
Batting: RHB Elijah Ben
|
0-0: Ball 1-0: SINGLE (Line Drive, 9S, EV 102.5 MPH) Angelo Ross to third Runner from 3rd tries for Home, SAFE, throw by RF to home
|
|
Batting: LHB Jerome Coleman
|
0-0: Ball 1-0: Ball 2-0: Ball 3-0: Base on Balls Elijah Ben to second
|
|
Batting: RHB Larry Reasonover
|
0-0: Ball 1-0: Swinging Strike 1-1: Called Strike 1-2: Strikes out looking
|
|
Batting: RHB Bruce Benedict
|
0-0: Fly out, F7 (Flyball, 7D, EV 89.4 MPH)
|
| Top of the 4th over - 1 run, 1 hit, 1 error, 2 left on base; Winston-Salem 1 - Kinston 3 |
| BOTTOM OF THE 4TH |
|
Kinston Eagles batting - Pitching for Winston-Salem Spirits : LHP Chuck Hensley
|
|
Batting: RHB Rodney Hudson
|
0-0: Called Strike 0-1: Foul Ball, location: 2F 0-2: Foul Ball, location: 2F 0-2: Ball 1-2: Ball 2-2: Ground out 4-3 (Groundball, 4M, EV 86.9 MPH)
|
|
Batting: RHB Jose Valdez
|
0-0: Swinging Strike 0-1: SOLO HOME RUN (Flyball, 78XD, EV 97.5 MPH), Distance : 436 ft
|
|
Batting: LHB Randall Curtis
|
0-0: Ball 1-0: Foul Ball, location: 2F 1-1: Called Strike 1-2: Ball 2-2: SINGLE (Flyball, 78S, EV 88.1 MPH)
|
|
Batting: RHB Francisco Guerra
|
0-0: Foul Ball, location: 2F 0-1: Ball 1-1: Fly out, F7 (Line Drive, 7, EV 90.6 MPH)
|
|
Batting: RHB Juan Perez
|
0-0: Ball 1-0: Ball 2-0: Fly out, F9 (Flyball, 9LS, EV 83.8 MPH)
|
| Bottom of the 4th over - 1 run, 2 hits, 0 errors, 1 left on base; Winston-Salem 1 - Kinston 4 |
| TOP OF THE 5TH |
|
Winston-Salem Spirits batting - Pitching for Kinston Eagles : RHP Roger Doubleday
|
|
Batting: RHB Ell Roberson
|
0-0: Called Strike 0-1: Ball 1-1: Ball 2-1: Ball 3-1: Base on Balls
|
|
Batting: RHB Kelly Miller
|
0-0: Ball 1-0: Ball 2-0: Bunted foul 2-1: Bunt missed! 2-2: Grounds into double play, 3-6-3 (Groundball, 3, EV 81.9 MPH)
|
|
Batting: SHB Mark Wiesler
|
0-0: Called Strike 0-1: Ball 1-1: Swinging Strike 1-2: Ball 2-2: Ball 3-2: Foul Ball, location: 2F 3-2: Hit by Pitch
|
|
Batting: RHB Angelo Ross
|
0-0: Called Strike 0-1: Ball 1-1: Ground out 4-3 (Groundball, 13, EV 87.5 MPH)
|
| Top of the 5th over - 0 runs, 0 hits, 0 errors, 1 left on base; Winston-Salem 1 - Kinston 4 |
| BOTTOM OF THE 5TH |
|
Kinston Eagles batting - Pitching for Winston-Salem Spirits : LHP Chuck Hensley
|
|
Batting: LHB Eric Peyton
|
0-0: Called Strike 0-1: Ball 1-1: Swinging Strike 1-2: Ball 2-2: Fly out, F8 (Flyball, 8RD, EV 93.1 MPH)
|
|
Batting: RHB Carlos Ponce
|
0-0: Foul Ball, location: 2F 0-1: TRIPLE (Flyball, 89XD, EV 101.3 MPH)
|
|
Batting: RHB Tony Incaviglia
|
0-0: Called Strike 0-1: 2-RUN HOME RUN (Flyball, 78XD, EV 97.5 MPH), Distance : 410 ft
|
|
Pitching: RHP Rusty Shelton
|
|
|
Batting: RHB Elias Corona
|
0-0: Called Strike 0-1: Ball 1-1: Ball 2-1: Ball 3-1: Base on Balls
|
|
Batting: RHB Rodney Hudson
|
0-0: Ball 1-0: Ball Passed Ball! Elias Corona to second 2-0: Ball 3-0: Base on Balls
|
|
Batting: RHB Jose Valdez
|
0-0: Ball 1-0: Called Strike 1-1: Foul Ball, location: 2F 1-2: Ball 2-2: Foul Ball, location: 2F 2-2: Ball 3-2: Ground out 3-1 (Groundball, 34S, EV 88.8 MPH) Elias Corona to third Rodney Hudson to second
|
|
Batting: LHB Randall Curtis
|
0-0: Called Strike 0-1: Ball 1-1: Ball 2-1: Swinging Strike 2-2: Ball 3-2: Reached on error, E5 (Groundball, 5L, EV 110.0 MPH) Elias Corona scores Rodney Hudson to third
|
|
Batting: RHB Francisco Guerra
|
0-0: Ball 1-0: Ball 2-0: Ball 3-0: Base on Balls Randall Curtis to second
|
|
Batting: RHB Juan Perez
|
0-0: Ball 1-0: Ball 2-0: Ball 3-0: Base on Balls Rodney Hudson scores Randall Curtis to third Francisco Guerra to second
|
|
Batting: LHB Eric Peyton
|
0-0: Fly out, F7 (Flyball, 7S, EV 94.4 MPH)
|
| Bottom of the 5th over - 4 runs, 2 hits, 1 error, 3 left on base; Winston-Salem 1 - Kinston 8 |
| TOP OF THE 6TH |
|
Winston-Salem Spirits batting - Pitching for Kinston Eagles : RHP Roger Doubleday
|
|
Batting: RHB Craig Robinson
|
0-0: Foul Ball, location: 2F 0-1: Fly out, F9 (Flyball, 9S, EV 79.4 MPH)
|
|
Batting: RHB Elijah Ben
|
0-0: Ball 1-0: Ball 2-0: Ground out 3-1 (Groundball, 34, EV 78.8 MPH)
|
|
Batting: LHB Jerome Coleman
|
0-0: Foul Ball, location: 2F 0-1: Ball 1-1: Fly out, F8 (Flyball, 8LS, EV 87.5 MPH)
|
| Top of the 6th over - 0 runs, 0 hits, 0 errors, 0 left on base; Winston-Salem 1 - Kinston 8 |
| BOTTOM OF THE 6TH |
|
Kinston Eagles batting - Pitching for Winston-Salem Spirits : RHP Rusty Shelton
|
|
Batting: RHB Carlos Ponce
|
0-0: Foul Ball, location: 2F 0-1: Called Strike 0-2: Ball 1-2: Ball 2-2: Ball 3-2: Base on Balls
|
|
Pitching: LHP Dominick Bullinger
|
|
|
Batting: RHB Tony Incaviglia
|
0-0: Ball 1-0: Foul Ball, location: 2F 1-1: Ball 2-1: Foul Ball, location: 2F 2-2: SINGLE (Line Drive, 9S, EV 96.3 MPH) Carlos Ponce to second
|
|
Batting: RHB Elias Corona
|
0-0: Ball 1-0: Ball 2-0: Ball 3-0: Base on Balls Carlos Ponce to third Tony Incaviglia to second
|
|
Batting: RHB Rodney Hudson
|
0-0: Swinging Strike 0-1: Swinging Strike 0-2: Strikes out swinging
|
|
Batting: RHB Jose Valdez
|
0-0: Ball 1-0: Foul Ball, location: 2F 1-1: Fly out, F8 (Flyball, 8LXD, EV 104.4 MPH) Runner from 3rd tags up, SCORES, no throw by CF Tony Incaviglia to third
|
|
Batting: LHB Randall Curtis
|
0-0: Swinging Strike 0-1: Foul Ball, location: 2F 0-2: Ball 1-2: Strikes out swinging
|
| Bottom of the 6th over - 1 run, 1 hit, 0 errors, 2 left on base; Winston-Salem 1 - Kinston 9 |
| TOP OF THE 7TH |
|
Winston-Salem Spirits batting - Pitching for Kinston Eagles : RHP Roger Doubleday
|
|
Pinch Hitting: LHB Grant Alpaugh
|
0-0: Called Strike 0-1: Called Strike 0-2: Fly out, F9 (Line Drive, 9, EV 101.3 MPH)
|
|
Batting: RHB Bruce Benedict
|
0-0: Foul Ball, location: 2F 0-1: Called Strike 0-2: Ball 1-2: Ball 2-2: Foul Ball, location: 2F 2-2: Ball 3-2: DOUBLE (Line Drive, 9LS, EV 92.5 MPH)
|
|
Batting: RHB Ell Roberson
|
0-0: Ball 1-0: Foul Ball, location: 2F 1-1: Swinging Strike 1-2: Foul Ball, location: 2F 1-2: Ball 2-2: Fly out, F8 (Line Drive, 8RM, EV 93.8 MPH)
|
|
Batting: RHB Kelly Miller
|
0-0: Called Strike 0-1: Ball 1-1: Foul Ball, location: 2F 1-2: Ground out 6-3 (Groundball, 6, EV 76.3 MPH)
|
| Top of the 7th over - 0 runs, 1 hit, 0 errors, 1 left on base; Winston-Salem 1 - Kinston 9 |
| BOTTOM OF THE 7TH |
|
Kinston Eagles batting - Pitching for Winston-Salem Spirits : LHP Dominick Bullinger
|
|
Now at 3B: Grant Alpaugh
|
|
|
Batting: RHB Francisco Guerra
|
0-0: Ground out U3 (Groundball, 34, EV 79.4 MPH)
|
|
Batting: RHB Juan Perez
|
0-0: Ball 1-0: SINGLE (Line Drive, 6MD, EV 104.4 MPH)
|
|
Batting: LHB Eric Peyton
|
0-0: Called Strike 0-1: Fly out, F7 (Flyball, 7S, EV 82.5 MPH)
|
|
Batting: RHB Carlos Ponce
|
0-0: Ball 1-0: Fly out, F3 (Line Drive, 3, EV 71.3 MPH)
|
| Bottom of the 7th over - 0 runs, 1 hit, 0 errors, 1 left on base; Winston-Salem 1 - Kinston 9 |
| TOP OF THE 8TH |
|
Winston-Salem Spirits batting - Pitching for Kinston Eagles : RHP Roger Doubleday
|
|
Batting: SHB Mark Wiesler
|
0-0: Called Strike 0-1: Ball 1-1: SINGLE (Flyball, 7LS, EV 93.8 MPH)
|
|
Batting: RHB Angelo Ross
|
0-0: Foul Ball, location: 2F 0-1: Foul Ball, location: 2F 0-2: Ball 1-2: Strikes out looking
|
|
Pinch Hitting: RHB Carl Gardner
|
0-0: Ball 1-0: Fielders Choice at 2nd, 3-6 (Groundball, 34S, EV 77.5 MPH)
|
|
Pinch Hitting: RHB Venson Davis
|
0-0: Ball 1-0: Called Strike 1-1: Ball 2-1: Foul Ball, location: 2F 2-2: Ground out 3-1 (Groundball, 34, EV 86.9 MPH)
|
| Top of the 8th over - 0 runs, 1 hit, 0 errors, 1 left on base; Winston-Salem 1 - Kinston 9 |
| BOTTOM OF THE 8TH |
|
Kinston Eagles batting - Pitching for Winston-Salem Spirits : LHP Dominick Bullinger
|
|
Now in LF: Carl Gardner
|
|
|
Now in RF: Paul Niggebrugge
|
|
|
Batting: RHB Tony Incaviglia
|
0-0: SINGLE (Line Drive, 7S, EV 96.3 MPH)
|
|
Batting: RHB Elias Corona
|
0-0: Ball 1-0: Ball 2-0: Foul Ball, location: 2F 2-1: Foul Ball, location: 2F 2-2: Fly out, F7 (Flyball, 7LM, EV 80.6 MPH)
|
|
Batting: RHB Rodney Hudson
|
0-0: Foul Ball, location: 2F 0-1: Fly out, F4 (Line Drive, 4, EV 73.1 MPH)
|
|
Batting: RHB Jose Valdez
|
0-0: Called Strike 0-1: Called Strike 0-2: Ball 1-2: Strikes out swinging
|
| Bottom of the 8th over - 0 runs, 1 hit, 0 errors, 1 left on base; Winston-Salem 1 - Kinston 9 |
| TOP OF THE 9TH |
|
Winston-Salem Spirits batting - Pitching for Kinston Eagles : RHP Roger Doubleday
|
|
Batting: LHB Jerome Coleman
|
0-0: Ball 1-0: Fly out, F1 (Line Drive, P, EV 68.8 MPH)
|
|
Batting: LHB Grant Alpaugh
|
0-0: Ground out 6-3 (Groundball, 6, EV 83.1 MPH)
|
|
Batting: RHB Bruce Benedict
|
0-0: Ground out 6-3 (Groundball, 56, EV 108.8 MPH)
|
| Top of the 9th over - 0 runs, 0 hits, 0 errors, 0 left on base; Winston-Salem 1 - Kinston 9 |
|